 Dungeon Crawl Stone Soup version 0.25-a0-404-gc1b5a34292 (webtiles) character file.

Game seed: 14826395133489146388, levelgen mode: deterministic

2047 Napalmbreeze the Blocker (level 9, -6/72 HPs)
             Began as a Formicid Fighter on Jan 10, 2020.
             Was an Initiate of Yredelemnul.
             Mangled by Harold
             ... wielding a +0 trident
              (7 damage)
             ... on level 7 of the Dungeon.
             The game lasted 00:12:38 (5506 turns).

Napalmbreeze the Blocker (Formicid Fighter)         Turns: 5506, Time: 00:12:44

Health: -6/72      AC:  9    Str: 29    XL:     9   Next: 49%
Magic:  10/10      EV: 11    Int:  8    God:    Yredelemnul [......]
Gold:   383        SH: 12    Dex: 10    Spells: 8/8 levels left

rFire    . . .     SeeInvis +   x - +1 spear (venom)
rCold    + . .     Gourm    .   c - +0 shield
rNeg     . . .     Faith    .   z - +2 scale mail {rC+}
rPois    .         Spirit   .   (helmet unavailable)
rElec    .         Reflect  .   (no cloak)
rCorr    .         Harm     .   (no gloves)
MR       .....                  (no boots)
Stlth    ..........             (no amulet)
HPRegen  0.22/turn              p - +1 ring of evasion
MPRegen  0.12/turn              h - +5 ring of strength

@: no status effects
A: permanent stasis, dig shafts and tunnels, four strong arms, antennae 3
a: Dig, Shaft Self, Renounce Religion


You were on level 7 of the Dungeon.
You worshipped Yredelemnul.
Yredelemnul was noncommittal.
You were hungry.

You visited 1 branch of the dungeon, and saw 7 of its levels.

You collected 383 gold pieces.

Inventory:

Hand Weapons
 a - a +0 trident
 x - a +1 spear of venom (weapon)
Armour
 c - a +0 shield (worn)
 z - a +2 scale mail of cold resistance (worn)
Jewellery
 h - a +5 ring of strength (right hand)
 p - a +1 ring of evasion (left hand)
 F - an uncursed amulet of harm {unknown}
Wands
 w - a wand of flame (20)
 y - a wand of polymorph (2)
Scrolls
 b - a scroll of enchant weapon {unknown}
 e - 3 scrolls of remove curse {unknown}
 i - 3 scrolls of teleportation {unknown}
 j - 3 scrolls of magic mapping {unknown}
 l - 6 scrolls of identify {unknown}
 q - a scroll of amnesia {unknown}
 s - 2 scrolls of enchant armour {unknown}
 A - a scroll of blinking {unknown}
 B - a scroll of fear {unknown}
 D - 2 scrolls of fog {unknown}
Potions
 d - 3 potions of might
 g - a potion of mutation {unknown}
 k - 2 potions of lignification {unknown}
 m - 2 potions of agility
 n - 2 potions of magic {unknown}
 o - 3 potions of heal wounds {unknown}
 r - a potion of resistance {unknown}
 t - a potion of curing {unknown}
 u - a potion of haste {unknown}
 v - a potion of brilliance {unknown}
 C - 2 potions of ambrosia {unknown}
 E - a potion of flight {unknown}
Comestibles
 f - 6 rations


   Skills:
 + Level 7.4 Fighting
 + Level 6.3 Polearms
 + Level 5.2 Armour
 - Level 9.0 Shields
 + Level 2.5 Invocations


You had 8 spell levels left.
You didn't know any spells.
Your spell library contained the following spells:

 Spells                   Type           Power        Failure   Level  Hunger
 Shroud of Golubria       Chrm/Tloc      #.....       78%         2    ###....
 Confusing Touch          Hex            #.......     95%         3    ####...
 Gell's Gravitas          Tloc           #.........   95%         3    ####...
 Lesser Beckoning         Tloc           #.........   95%         3    ####...
 Teleport Other           Tloc           #.......     95%         3    ####...
 Passage of Golubria      Tloc           N/A          100%        4    #####..
 Petrify                  Tmut/Erth      #.......     100%        4    #####..
 Metabolic Englaciation   Hex/Ice        #.........   100%        5    ######.
 Yara's Violent Unravell  Hex/Tmut       #.........   100%        5    ######.
 Blink                    Tloc           Unusable     N/A         2    N/A

Dungeon Overview and Level Annotations

Branches:
Dungeon (7/15)
 Temple: D:4-7

Altars:
Elyvilon
Gozag
Kikubaaqudgha
Yredelemnul

Annotations:
D:7 Harold


Innate Abilities, Weirdness & Mutations

You cannot be hasted, slowed, berserked, paralysed or teleported.
You can dig through walls and to a lower floor.
Your four strong arms can wield two-handed weapons with a shield.
You have a pair of large antennae on your head. (SInv)


Message History

You closely miss the crimson imp.
Harold hits you from afar with a +0 trident!!
The crimson imp hits you. The jackal barely misses you.
You hit the crimson imp but do no damage.
The crimson imp blinks!
You block the ogre's attack.
Harold hits you from afar with a +0 trident!
The jackal closely misses you. The worker ant closely misses you.
The ogre hits you with a +0 giant club!!
* * * LOW HITPOINT WARNING * * *
Harold hits you from afar with a +0 trident!
* * * LOW HITPOINT WARNING * * *
You block the jackal's attack. The jackal closely misses you.
There is a stone staircase leading up, spattered with blood here.
The worker ant barely misses you. You block the jackal's attack.
The jackal bites you.
* * * LOW HITPOINT WARNING * * *
You block the worker ant's attack.
Harold hits you from afar with a +0 trident!
You die...
Your body rises from the dead as a mindless zombie.

#.#..#
#.#.W#
#.#..#
#....#
#....# #....
###+#@5# #
.##....Oh#.#
.......@h..#
.#....pa#..#
#......#..#
........#..#
##)....5+.>#
#......####
........#
.....##.#


You could see Harold, a hungry ghost, an ogre, a worker ant, 2 crimson imps, 2
jackals and a neutral freed slave (wandering).

Vanquished Creatures
  Pikel (D:6)
  Eustachio (D:5)
  A water moccasin (D:6)
  A sky beast (D:6)
  A black bear (D:6)
  An ice beast (D:6)
  A slave (D:6)
  2 ogres (D:6)
  2 phantoms (D:6)
  A bullfrog (D:6)
  A vampire bat (D:6)
  3 howler monkeys
  4 orc wizards
  2 orc priests (D:6)
  A bullfrog skeleton (D:5)
  2 hounds
  Terence (D:3)
  2 worker ants
  A gnoll (D:4)
  6 adders
  A shadow imp (D:6)
  An ooze (D:2)
  An adder skeleton (D:4)
  An adder zombie (D:6)
  3 worms
  4 dart slugs
  4 leopard geckos
  9 orcs
  5 bats
  4 bat skeletons (D:6)
  2 bat zombies (D:6)
  4 giant cockroaches
  9 goblins
  5 hobgoblins
  13 jackals
  9 kobolds
  6 quokkas
  2 ball pythons
  3 frilled lizards
  A jackal skeleton (D:5)
  9 rats
131 creatures vanquished.

Notes
Turn   | Place    | Note
-------+----------+-------------------------------------------
     0 | D:1      | Napalmbreeze the Formicid Fighter began the quest for the
                  | Orb.
     0 | D:1      | Reached XP level 1. HP: 18/18 MP: 1/1
    56 | D:1      | Reached XP level 2. HP: 20/24 MP: 2/2
   234 | D:1      | Reached skill level 4 in Shields
   476 | D:1      | Reached XP level 3. HP: 29/29 MP: 3/3
  1154 | D:2      | Reached XP level 4. HP: 35/37 MP: 4/4
  1405 | D:2      | Reached skill level 5 in Shields
  1698 | D:2      | Reached XP level 5. HP: 42/42 MP: 5/5
  2067 | D:3      | You fall into a shaft and drop 3 floors!
  2201 | D:6      | Noticed a sky beast
  2201 | D:6      | Noticed a phantom
  2230 | D:6      | Killed a sky beast
  2230 | D:6      | Reached skill level 6 in Shields
  2230 | D:6      | Reached XP level 6. HP: 29/49 MP: 6/6
  2242 | D:6      | Killed a phantom
  2590 | D:6      | Reached XP level 7. HP: 25/55 MP: 7/7
  2762 | D:5      | Entered Level 5 of the Dungeon
  2774 | D:6      | Reached skill level 5 in Fighting
  2828 | D:5      | Noticed Eustachio
  2865 | D:5      | Reached skill level 7 in Shields
  2967 | D:5      | Killed Eustachio
  3032 | D:5      | Reached XP level 8. HP: 58/63 MP: 8/8
  3277 | D:3      | Noticed Terence
  3296 | D:3      | Killed Terence
  3296 | D:3      | Reached skill level 8 in Shields
  4331 | D:5      | You fall into a shaft and drop 1 floor!
  4456 | D:6      | Reached skill level 5 in Polearms
  4554 | D:6      | Found an ancient bone altar of Kikubaaqudgha.
  4573 | D:6      | Reached skill level 9 in Shields
  4934 | D:6      | Found an opulent altar of Gozag.
  4934 | D:6      | Found a basalt altar of Yredelemnul.
  5078 | D:6      | Found a white marble altar of Elyvilon.
  5090 | D:6      | Reached XP level 9. HP: 70/71 MP: 9/9
  5145 | D:6      | Became a worshipper of Yredelemnul the Dark
  5374 | D:7      | Noticed Pikel
  5406 | D:6      | Killed Pikel
  5406 | D:6      | Reached skill level 5 in Armour
  5493 | D:7      | Noticed Harold
  5505 | D:7      | HP: 2/72 [Harold/+0 trident (11)]
  5506 | D:7      | Mangled by Harold

Levels and vault maps discovered:
D:1:      elethiomel_arrival_quiet, layout_basic, chequers_arboretum,
          minmay_cut_off
D:2:      layout_loops_cross, first_ration, minmay_cupped
D:3:      layout_loops_cross, kennysheep_generic_room_4, uniq_terence
D:4:      minmay_clustersquares, layout_basic, minivault_25
D:5:      layout_rooms, kennysheep_mini, minmay_temple_entry_fiery,
          uniq_eustachio, uniq_crazy_yiuf_cottage, uniq_sigmund
D:6:      layout_basic, kennysheep_vampire_church, overflow_temple_1_default,
          gammafunk_temple_overflow_elements
D:7:      layout_basic, uniq_harold, uniq_pikel

Skill      XL: |  1  2  3  4  5  6  7  8  9 |
---------------+----------------------------+-----
Shields        | 4 5 6 7 9 |  9.0
Fighting       | 4 5 6 7 |  7.4
Polearms       | 3 4 5 6 |  6.3
Armour         | 4 5 |  5.2
Invocations    | 2 |  2.5

Action                   |  1- 3 |  4- 6 |  7- 9 || total
-------------------------+-------+-------+-------++-------
Melee: Trident           |   101 |   129 |   173 ||   403
       Spear             |       |       |   151 ||   151
       Unarmed           |       |       |    10 ||    10
  Eat: Chunk             |     1 |     4 |     3 ||     8
       Ration            |       |       |     2 ||     2
Armor: Scale mail        |    26 |    25 |   106 ||   157
Dodge: Dodged            |    25 |    46 |   102 ||   173
Block: Shield            |    33 |    53 |   183 ||   269

Table legend:
 A = Non-vault XP
 B = Vault XP
 C = Vault XP percentage of total XP
 D = Non-vault monster count
 E = Vault monster count
 F = Vault count percentage of total count
                 A         B        C        D         E       F
            +---------+---------+-------+---------+---------+-------
      Total |    1967 |     958 |  32.8 |     113 |      17 |  13.1
            +---------+---------+-------+---------+---------+-------
        D:1 |      33 |       2 |   5.7 |      17 |       2 |  10.5
        D:2 |     106 |       2 |   1.9 |      27 |       1 |   3.6
        D:3 |     105 |      38 |  26.6 |      27 |       2 |   6.9
        D:4 |      49 |      18 |  26.9 |       7 |       3 |  30.0
        D:5 |      92 |     188 |  67.1 |       7 |       1 |  12.5
        D:6 |    1501 |     710 |  32.1 |      26 |       8 |  23.5
        D:7 |      81 |       0 |   0.0 |       2 |       0 |   0.0
            +---------+---------+-------+---------+---------+-------
